 Dungeon Crawl Stone Soup version 0.20.1-1-g8b1a95d (webtiles) character file.

35 slep the Chopper (level 3, -5/18 HPs)
             Began as a Vine Stalker Gladiator on Dec 21, 2017.
             Slain by a worm (8 damage)
             ... on level 2 of the Dungeon.
             The game lasted 00:03:05 (1212 turns).

slep the Chopper (Vine Stalker Gladiator)           Turns: 1212, Time: 00:03:06

Health: -5/18      AC:  5    Str: 16    XL:     3   Next: 33%
Magic:  0/4        EV: 13    Int:  8    God:
Gold:   86         SH:  0    Dex: 16    Spells: 2/2 levels left

rFire    . . .     SeeInvis .   a - +0 war axe
rCold    . . .     Gourm    .   (no shield)
rNeg     . . .     Faith    .   b - +0 leather armour
rPois    .         Spirit   +   c - +0 helmet
rElec    .         Reflect  .   (no cloak)
rCorr    .         Harm     .   (no gloves)
MR       .....                  m - +0 pair of boots (curse)
Stlth    +.........             (no amulet)
Regen    0.1/turn               (no ring)
MPRegen  0.1/turn               (no ring)

@: no status effects
A: fangs 2, magic shield, antimagic bite, no potion heal 3, rot immunity
a: no special abilities


You were on level 2 of the Dungeon.
You were hungry.

You visited 1 branch of the dungeon, and saw 2 of its levels.

You collected 86 gold pieces.

Inventory:

Hand Weapons
 a - a +0 war axe (weapon)
Missiles
 d - 4 throwing nets (quivered)
 e - 18 poisoned needles
Armour
 b - a +0 leather armour (worn)
 c - a +0 helmet (worn)
 m - a cursed +0 pair of boots (worn)
Jewellery
 t - an uncursed ring of positive energy {unknown}
Scrolls
 g - a scroll of remove curse {unknown}
 h - 3 scrolls of identify {unknown}
 i - 2 scrolls of enchant weapon {unknown}
 n - a scroll of recharging {unknown}
 o - a scroll of noise {unknown}
 q - a scroll of teleportation {unknown}
 r - 2 scrolls of amnesia {unknown}
Potions
 j - 2 potions of berserk rage {unknown}
 k - a potion of agility {unknown}
 l - 2 potions of curing {unknown}
Comestibles
 f - 2 bread rations
 p - 2 meat rations
 s - a fruit


   Skills:
 + Level 2.0 Fighting
 + Level 3.3 Axes
 + Level 1.9 Throwing
 + Level 0.4 Armour
 + Level 2.6 Dodging


You had 2 spell levels left.
You didn't know any spells.

Dungeon Overview and Level Annotations

Branches:
Dungeon (2/15)

Altars:
Ashenzari
Vehumet
Xom
The Shining One


Innate Abilities, Weirdness & Mutations

You have extremely sharp teeth.
When hurt, damage is shared between your health and your magic reserves.
Your bite disrupts and absorbs the magic of your enemies.
Potions cannot restore your health.
You are immune to rotting.


Message History

A worm comes into view.
A goblin comes into view. It is wielding a club.
The goblin shouts!
You barely miss the worm. You bite the worm. You drain its power.
The worm is lightly wounded.
You hit the worm but do no damage. You bite the worm. You drain its power.
The worm is moderately wounded.
The worm bites you.
You barely miss the worm. You bite the worm, but do no damage.
The worm is moderately wounded.
You closely miss the goblin. The goblin closely misses you.
The worm barely misses you.
You slash the worm! Your bite misses the worm.
The worm is heavily wounded.
You closely miss the goblin. The goblin barely misses you. The worm bites you!
* * * LOW HITPOINT WARNING * * *
You completely miss the worm. You bite the worm, but do no damage.
The worm is heavily wounded.
You closely miss the goblin. The goblin misses you. The worm bites you!
You die...

....... ........
..#..... ....
........ ...
....... ... ###
.. ...... #..
..## ... ..####
#.# #..##.... ..#
#.#####w.......
..# #.#..[.@.#
#.# ##...#..g.#
#.# #...##.##".#
..#######..###.#
#.#
...........##..#
.#
.....#.##.....##
..
######.....####
.#
..##..........###
..
.................


You could see a worm and a goblin.

Vanquished Creatures
  An adder (D:2)
  A worm (D:2)
  A leopard gecko (D:2)
  4 bats
  3 goblins
  A hobgoblin (D:1)
  4 kobolds
  3 frilled lizards
  4 rats
22 creatures vanquished.

Notes
Turn   | Place    | Note
-------+----------+-------------------------------------------
     0 | D:1      | slep the Vine Stalker Gladiator began the quest for the Orb.
     0 | D:1      | Reached XP level 1. HP: 11/11 MP: 2/2
   417 | D:1      | Reached XP level 2. HP: 13/15 MP: 3/3
   917 | D:2      | Found a shattered altar of Ashenzari.
   922 | D:2      | Reached skill level 3 in Axes
   947 | D:2      | Found a radiant altar of Vehumet.
  1010 | D:2      | Found a glowing golden altar of the Shining One.
  1055 | D:2      | Reached XP level 3. HP: 4/18 MP: 4/4
  1082 | D:2      | Found a shimmering altar of Xom.
  1212 | D:2      | Slain by a worm

Skill      XL: |  1  2 |
---------------+-------+-----
Fighting       | 2 |  2.0
Axes           | 3 |  3.3
Throwing       | |  1.9
Armour         | |  0.4
Dodging        | |  2.6

Action                   || total
-------------------------++-------
Melee: War axe           ||    69
       Bite              ||    11
 Stab: Sleeping          ||     2
Armor: Leather armour    ||    22
Dodge: Dodged            ||    40
